[Event "*** Titled Tuesday Blitz"]
[Site "Chess.com"]
[Date "2019.01.01"]
[Round "3"]
[White "jacky72"]
[Black "mazetofonias"]
[Result "0-1"]
[WhiteElo "2602"]
[BlackElo "2562"]
[TimeControl "180+2"]
[EndTime "13:35:55 PST"]
[Termination "mazetofonias won by resignation"]

1. d4 Nf6 2. c4 e6 3. Nf3 c5 4. d5 d6 5. Nc3 exd5 6. cxd5 g6 7.
Nd2 Nbd7 8. e4 Bg7 9. Be2 O-O 10. O-O a6 11. a4 Re8 12. Ra3 Rb8 13. h3 Qc7 14. f4 c4 15. Kh1 b5 16. axb5 axb5 17.
b4 cxb3 18. Nxb5 Qb6 19. Rxb3 Nxe4 20. Nxe4 Rxe4 21. Bd3 Re8 22. Rb1 Nc5 23. Nd4 Qc7 24. Rxb8 Qxb8 25. Nc6 Qc7 26. Bc2 Bb7 27. f5 Bxc6 28.
dxc6 Qxc6 29. f6 Bf8 30. Bb1 d5 31. Ba2 Ne4 32. Qf3 Re6 33. Bf4 Rxf6 34. Qd3 Rxf4 35.
Rxf4 Qc1+ 36. Rf1 Nf2+ 37. Kh2 Bd6+ 38. g3 Nxd3 39. Rxc1 Nxc1 40. Bxd5 Ne2 41. Kg2 Nxg3 42. Kf3 Kg7 43. Bxf7 Kxf7 0-1

[Event "*** Titled Tuesday Blitz"]
[Site "Chess.com"]
[Date "2019.01.01"]
[Round "3"]
[White "Paralinch"]
[Black "Blackmind96"]
[Result "1-0"]
[WhiteElo "2909"]
[BlackElo "2624"]
[TimeControl "180+2"]
[EndTime "13:35:58 PST"]
[Termination "Paralinch won by resignation"]

1. e4 e6 2. d4 d5 3. exd5 exd5 4. Nf3 Nf6 5. Bd3 Bd6 6. Qe2+ Qe7 7. Qxe7+ Kxe7 8. O-O Re8 9. Nc3 c6 10. Bg5 Nd7 11. Rae1+ Kf8 12. Rxe8+ Nxe8 13. Re1 h6 14. Bd2 b5 15. Ne5 Nxe5 16. dxe5 Bc5 17. Ne2 Nc7 18. Kf1 Ne6 19. f4 Nd4 20. Be3 Ne6 21. Bxc5+ Nxc5 22. b4 Na4 23. Nd4 Bd7 24. f5 a5 25. e6 fxe6 26.
fxe6 Be8 27. e7+ Kf7 28. Re6 axb4 29. Bg6+ Kg8 30. Rd6 Bxg6 31. Rd8+ Be8 32. Rxa8 Kf7 33. Nf5 Nb6 34. Rd8 Nc4 35. Nxg7 Kxg7 36. Rxe8 Kf7 37. Rc8 Kxe7 38. Rxc6 Ne3+ 39. Kf2 Nd1+ 40. Kf3 Nc3 41. Rxh6 Nxa2 42. h4 Nc3 43. g4 d4 44.
Rh7+ Kf8 45. Rd7 1-0

[Event "*** Titled Tuesday Blitz"]
[Site "Chess.com"]
[Date "2019.01.01"]
[Round "3"]
[White "Morshynska"]
[Black "SimonKnightRivendell"]
[Result "0-1"]
[WhiteElo "2077"]
[BlackElo "2004"]
[TimeControl "180+2"]
[EndTime "13:35:59 PST"]
[Termination "SimonKnightRivendell won by resignation"]

1. d4 Nf6 2. c4 e6 3. Nf3 b6 4. g3 Bb7 5. Bg2 Be7 6. O-O O-O 7. Nc3 d5 8. cxd5 exd5 9. Bf4 c6 10. Rc1 Nbd7 11.
Ne5 Nh5 12. Nxd7 Qxd7 13. Bd2 f5 14. e4 Nf6 15. e5 Ne4 16. Be3 Ba6 17. Re1 Nxc3 18.
bxc3 Bc4 19. Qc2 g6 20. Bf1 b5 21. f4 a5 22. Bxc4 dxc4 23. Qg2 Qd5 24. Qxd5+ cxd5 25. Rb1 b4 26. Bd2 Rab8 27. Rb2 Rb7 28. Reb1 Rfb8 29.
Kf2 Kf7 30. Ke3 Ke6 31. h3 b3 32. a4 Ba3 33. Be1 Bxb2 34. Rxb2 h6 35. h4 g5 36. Kf3 gxh4 37. gxh4 Rg7 38. Bf2 Rbg8 39. Rb1 Rg2 40. Rb2 Rh2 41. Rb1 Rgg2 42. Be3 Ra2 43. Rg1 Rh3+ 0-1

[Event "*** Titled Tuesday Blitz"]
[Site "Chess.com"]
[Date "2019.01.01"]
[Round "3"]
[White "WinnerOleg"]
[Black "pawnhopper316"]
[Result "1/2-1/2"]
[WhiteElo "2390"]
[BlackElo "2235"]
[TimeControl "180+2"]
[EndTime "13:35:59 PST"]
[Termination "Game drawn by repetition"]

1. d4 Nf6 2. c4 c5 3. d5 e6 4. Nc3 exd5 5. cxd5 d6 6. e4 g6 7. f4 Bg7 8. Bb5+ Nfd7 9. Bd3 O-O 10. Nf3 Re8 11. O-O Nf6 12. h3 c4 13. Bc2 b5 14. e5 dxe5 15. fxe5 Nh5 16. g4 Ng3 17. Re1 b4 18. Nb5 Qb6+ 19. Nbd4 h5 20. Bf4 hxg4 21. hxg4 Bxg4 22. Bxg3 Bxf3 23. Qxf3 Qxd4+ 24. Bf2 Qxb2 25. Ba4 Rxe5 26. d6 Rg5+ 27. Kh1 Rh5+ 28. Kg1 Rg5+ 29. Kh1 Rh5+ 30. Kg1 Rg5+ 31. Kh1 Rh5+ 1/2-1/2

[Event "*** Titled Tuesday Blitz"]
[Site "Chess.com"]
[Date "2019.01.01"]
[Round "3"]
[White "biostatistician"]
[Black "TheBigBadChessDad"]
[Result "1-0"]
[WhiteElo "2464"]
[BlackElo "2286"]
[TimeControl "180+2"]
[EndTime "13:36:01 PST"]
[Termination "biostatistician won by resignation"]

1. d4 Nf6 2. Nf3 e6 3. c4 d5 4. Bg5 Be7 5. Nc3 h6 6. Bh4 O-O 7. e3 b6 8. Be2 Bb7 9. Bxf6 Bxf6 10. cxd5 exd5 11. b4 c6 12. O-O Nd7 13. Qb3 b5 14. a4 a6 15. a5 Re8 16. Bd3 Be7 17. Rfe1 Nf6 18. e4 dxe4 19. Nxe4 Nxe4 20. Bxe4 Bd6 21. Ne5 Bxe5 22. dxe5 Qg5 23. Qc3 Kh8 24. Bf3 Re6 25.
Re3 Rae8 26. Rae1 h5 27. Qc5 R8e7 28. g3 h4 29. Kg2 Rh6 30. Re4 hxg3 31. hxg3 Bc8 32.
Rh1 Rxh1 33. Kxh1 Bf5 34. Rh4+ Kg8 35. Rh5 Qg6 36. Qxe7 1-0

[Event "*** Titled Tuesday Blitz"]
[Site "Chess.com"]
[Date "2019.01.01"]
[Round "3"]
[White "BogdanDeac"]
[Black "Anar_Aliakbarov"]
[Result "1-0"]
[WhiteElo "2745"]
[BlackElo "2462"]
[TimeControl "180+2"]
[EndTime "13:36:04 PST"]
[Termination "BogdanDeac won by resignation"]

1. e4 e5 2. Nf3 Nf6 3. Nxe5 d6 4. Nf3 Nxe4 5. d4 d5 6. Bd3 Bd6 7. O-O O-O 8. c4 c6 9. Nc3 Nxc3 10. bxc3 dxc4 11. Bxc4 Bf5 12. Bg5 Qc7 13. Re1 Nd7 14. h3 Rae8 15. Nh4 Be4 16. Qg4 Bd5 17. Rxe8 Rxe8 18. Bf1 Nf8 19. Nf5 Ng6 20. Nxd6 Qxd6 21. c4 Be6 22. Qd1 h6 23. Be3 Rd8 24. Rb1 b6 25.
Qa4 Rd7 26. c5 bxc5 27. dxc5 Qd5 28. Qa6 Kh7 29. Rb8 Qe5 30. Qc8 Nh4 31. Qh8+ Kg6 32. Rb4 Nf5 33. Rg4+ Kf6 34. Bxh6 Ke7 35. Bg5+ f6 36.
Bf4 Qxc5 37. Be3 Nxe3 38. Qxg7+ Kd8 39. Qxf6+ Kc7 40. Rg5 Rd1 41. Rxc5 Rxf1+ 42. Kh2 1-0

[Event "*** Titled Tuesday Blitz"]
[Site "Chess.com"]
[Date "2019.01.01"]
[Round "3"]
[White "Tulipaz"]
[Black "Maili15"]
[Result "0-1"]
[WhiteElo "2479"]
[BlackElo "2311"]
[TimeControl "180+2"]
[EndTime "13:36:04 PST"]
[Termination "Maili15 won on time"]

1. e4 c5 2. Nf3 d6 3. d3 Nc6 4. Nbd2 g6 5. g3 Bg7 6. Bg2 e6 7. O-O Nge7 8. a4 O-O 9. h4 a6 10. h5 Rb8 11. hxg6 hxg6 12. Ng5 e5 13. Nc4 b5 14.
axb5 axb5 15. Ne3 Nd4 16. c3 Ne6 17. Nxe6 Bxe6 18. Nd5 Bxd5 19. exd5 Qd7 20. Be3 f5 21. f4 c4 22. Ra7 Rb7 23. Ra6 cxd3 24. Qxd3 e4 25. Qd2 Rc8 26. g4 Rc4 27. gxf5 Nxf5 28.
Ra8+ Kf7 29. Bh3 b4 30. Qe2 Rbc7 31. Bd4 Nxd4 32. Qxe4 Nf5 33. Qd3 bxc3 34. b3 Rd4 35. Qf3 c2 0-1

[Event "*** Titled Tuesday Blitz"]
[Site "Chess.com"]
[Date "2019.01.01"]
[Round "3"]
[White "rikyshi"]
[Black "Triumphmate"]
[Result "1-0"]
[WhiteElo "2203"]
[BlackElo "2212"]
[TimeControl "180+2"]
[EndTime "13:36:08 PST"]
[Termination "rikyshi won by resignation"]

1. d4 Nf6 2. Nc3 d5 3. Bf4 e6 4.
Nb5 Na6 5. e3 c6 6. Nc3 Nb8 7.
a3 Bd6 8. Nf3 O-O 9. Ne5 Qc7 10.
Bd3 Nbd7 11. Nxd7 Bxd7 12. Qf3 e5 13. dxe5 Bxe5 14. Bxe5 Qxe5 15. Qg3 Rfe8 16. O-O-O b5 17. Qxe5 Rxe5 18. h3 a5 19. Ne2 c5 20. c3 b4 21. Kd2 Ba4 22. Rc1 Rb8 23. cxb4 cxb4 24. axb4 Rxb4 25. Rc8+ Be8 26. Kc3 g6 27. Ra1 Kg7 28.
Rxa5 Rb7 29. Nd4 Bd7 30. Rcc5 h5 31. b4 h4 32. Ra6 Rg5 33. b5 Rxg2 34. b6 Bxh3 35. Rc7 Rb8 36. b7 Ne8 37. Ra8 Nxc7 38. Rxb8 Bf5 39. Nxf5+ gxf5 40. Rg8+ Kxg8 41. b8=Q+ Ne8 42.
Qxe8+ Kg7 43. Qe5+ f6 44. Qxf5 Rg5 45. Qh7+ Kf8 46.
Qxh4 Ke7 47. Kd4 Ke6 48. f4 Rg2 49. Qh3+ Rg4 50. Qxg4+ 1-0

[Event "*** Titled Tuesday Blitz"]
[Site "Chess.com"]
[Date "2019.01.01"]
[Round "3"]
[White "Alexander_Moskalenko"]
[Black "JozefKneht"]
[Result "1/2-1/2"]
[WhiteElo "2826"]
[BlackElo "2513"]
[TimeControl "180+2"]
[EndTime "13:36:08 PST"]
[Termination "Game drawn - insufficient material"]

1. d4 d5 2. c4 e6 3. Nf3 Nf6 4. g3 dxc4 5. Bg2 c5 6. Na3 Nc6 7. O-O cxd4 8. Nxc4 Be7 9. Qb3 O-O 10. Rd1 Bc5 11. e3 Nd5 12. exd4 Be7 13. Nfe5 Na5 14. Nxa5 Qxa5 15. Bd2 Qb6 16. Qc2 Rd8 17. h4 Bd7 18. Nxd7 Rxd7 19. Qa4 Qc6 20. Qxc6 bxc6 21. Rac1 Rc8 22.
Rc4 Bf6 23. Rdc1 Ne7 24. Bxc6 Rxd4 25. Rxd4 Bxd4 26. Be4 Rxc1+ 27. Bxc1 f5 28. Bf3 Kf7 29. b4 e5 30. a4 e4 31. Be2 Ke6 32. Bc4+ Nd5 33. Bf4 Be5 34. Be3 Bb8 35. b5 Ke5 36. Bxd5 Kxd5 37. a5 Kc4 38. b6 axb6 39. Bxb6 Kb5 40.
Kg2 Be5 41. f3 exf3+ 42. Kxf3 g6 43. Bd8 h6 44. g4 fxg4+ 45. Kxg4 Bc3 46. h5 gxh5+ 47.
Kxh5 Bxa5 48. Bxa5 Kxa5 49. Kxh6 1/2-1/2

[Event "*** Titled Tuesday Blitz"]
[Site "Chess.com"]
[Date "2019.01.01"]
[Round "3"]
[White "nitpicker"]
[Black "juniortay"]
[Result "0-1"]
[WhiteElo "2200"]
[BlackElo "2413"]
[TimeControl "180+2"]
[EndTime "13:36:09 PST"]
[Termination "juniortay won on time"]

1. d4 Nf6 2. c4 g6 3. Nc3 Bg7 4. e4 d6 5. Be2 O-O 6. Bg5 c5 7.
d5 b5 8. cxb5 a6 9. bxa6 Qa5 10.
Bd2 Bxa6 11. Nf3 Nbd7 12. O-O Rfb8 13. b3 Bxe2 14. Qxe2 Qa6 15. Qxa6 Rxa6 16. Rab1 Ng4 17. Rfc1 Bxc3 18. Bxc3 Rxa2 19. Be1 Nde5 20. Nxe5 Nxe5 21.
Rd1 f5 22. exf5 gxf5 23. h3 Kf7 24. Bc3 Nd7 25. b4 cxb4 26. Bxb4 Nf6 27. Be1 Rxb1 28. Rxb1 Nxd5 29. Kf1 h5 30. Rb8 Ra1 31. Rh8 Nf6 32.
Ke2 Ra2+ 33. Kf3 e5 34. Rd8 Ke7 35. Rb8 Ra3+ 36. Ke2 Ra2+ 0-1

[Event "*** Titled Tuesday Blitz"]
[Site "Chess.com"]
[Date "2019.01.01"]
[Round "3"]
[White "Pudor"]
[Black "FightingChess"]
[Result "0-1"]
[WhiteElo "2267"]
[BlackElo "2184"]
[TimeControl "180+2"]
[EndTime "13:36:13 PST"]
[Termination "FightingChess won by resignation"]

1. d4 d5 2. c4 c6 3. Nf3 Nf6 4. Nc3 dxc4 5. a4 Bf5 6. e3 e6 7. Bxc4 Bb4 8. O-O O-O 9. Nh4 Nbd7 10. h3 Bg6 11. Qb3 Qb6 12. Nxg6 hxg6 13. Na2 Bd6 14. Qc2 a5 15. Rd1 Rad8 16. Bd2 e5 17. Bc3 exd4 18. Bxd4 Qc7 19. Qb3 Nc5 20. Qc2 Nce4 21. Nc3 Nxc3 22.
Qxc3 Bb4 23. Qc2 Nd5 24. Bxg7 Kxg7 25. Bxd5 Qe5 26. Bf3 Bd6 27. g3 Qf6 28. Kg2 Be5 29.
Rxd8 Rxd8 30. Ra3 b5 31. axb5 cxb5 32. Rxa5 b4 33. b3 Bc3 34. Qe4 Rd2 35. Ra7 Rb2 36.
Qc4 Be1 37. Qxf7+ Qxf7 38. Rxf7+ Kxf7 0-1

[Event "*** Titled Tuesday Blitz"]
[Site "Chess.com"]
[Date "2019.01.01"]
[Round "3"]
[White "Gr3egor"]
[Black "itisabigworld"]
[Result "1-0"]
[WhiteElo "2469"]
[BlackElo "2301"]
[TimeControl "180+2"]
[EndTime "13:36:13 PST"]
[Termination "Gr3egor won by resignation"]

1. e4 b6 2. d4 Bb7 3. Bd3 e6 4. Nf3 Nf6 5. Qe2 c5 6. c3 Be7 7. O-O d5 8. e5 Nfd7 9. Bf4 Nc6 10. Nbd2 a6 11. a3 c4 12. Bc2 b5 13. Bg3 a5 14. b4 cxb3 15. Nxb3 Ba6 16. Bd3 Qb6 17. Rfb1 g6 18. Nbd2 Na7 19. a4 O-O 20. axb5 Bb7 21. c4 Nc8 22. c5 Bxc5 23. dxc5 Nxc5 24. Bc2 Qd8 25. Bf4 Nb6 26. Bg5 Qc7 27. Bf6 Ncd7 28. Qe3 Nxf6 29. exf6 Nd7 30. Ba4 Nxf6 31. Rc1 Qd8 32.
Qd4 Nd7 33. Ne5 Nb6 34. Nc6 Bxc6 35. bxc6 Nxa4 36. Qxa4 Qc7 37. Rab1 Rfb8 38. Nf3 Rxb1 39.
Rxb1 Ra6 40. Nd4 e5 41. Qb5 Ra7 42. Qb8+ Kg7 43. Ne6+ fxe6 44. Rb7 Rxb7 45. Qxb7 Qf7 46. Qxf7+ 1-0

[Event "*** Titled Tuesday Blitz"]
[Site "Chess.com"]
[Date "2019.01.01"]
[Round "3"]
[White "DoHoChess"]
[Black "pedromartinez91"]
[Result "1-0"]
[WhiteElo "2607"]
[BlackElo "2418"]
[TimeControl "180+2"]
[EndTime "13:36:15 PST"]
[Termination "DoHoChess won by resignation"]

1. Nf3 d5 2. d4 Nf6 3. c4 dxc4 4. e3 e6 5. Bxc4 c5 6. O-O Nc6 7. Nc3 cxd4 8. exd4 Be7 9. Re1 O-O 10. a3 Qc7 11. Bg5 Rd8 12. Ba2 Qb6 13. d5 Qxb2 14. Rc1 exd5 15.
Bb1 Be6 16. Qd3 g6 17. Nb5 Ne4 18. Bxe7 Nxe7 19. Nc7 Rac8 20. Qe3 Nf5 21. Qxa7 b6 22.
Rc2 Qb3 23. Nxe6 fxe6 24. Rxc8 Rxc8 25. Bxe4 dxe4 26. Ng5 Ng7 27. Qf7+ Kh8 28. h4 h6 29. Nxe4 Qd5 30. Qxg6 Qf5 31. Qxh6+ Kg8 32. Nd6 Qe5 33.
Rxe5 1-0

[Event "*** Titled Tuesday Blitz"]
[Site "Chess.com"]
[Date "2019.01.01"]
[Round "3"]
[White "MFBerna"]
[Black "northridgehawk"]
[Result "1-0"]
[WhiteElo "2320"]
[BlackElo "2246"]
[TimeControl "180+2"]
[EndTime "13:36:15 PST"]
[Termination "MFBerna won by resignation"]

1. e4 c5 2. Nf3 d6 3. d4 cxd4 4.
Qxd4 Nc6 5. Bb5 Bd7 6. Bxc6 Bxc6 7. Nc3 e5 8. Qd3 h6 9. O-O Nf6 10. b3 Be7 11. a4 O-O 12. Ba3 Qc7 13. Rfd1 Rfd8 14.
Nd2 Rac8 15. Nc4 Ne8 16. Nd5 Bxd5 17. Qxd5 Nf6 18. Qd3 Bf8 19. f3 d5 20. exd5 Rxd5 21.
Qe2 Rxd1+ 22. Qxd1 Rd8 23. Qe1 Bc5+ 24. Bxc5 Qxc5+ 25. Qf2 Qd4 26. Re1 e4 27. Qxd4 Rxd4 28. Kf2 exf3 29.
Kxf3 g5 30. Re7 Rf4+ 31. Ke2 Re4+ 32. Rxe4 Nxe4 33. Ke3 f5 34. g4 b6 35. gxf5 Nf6 36.
Nd6 Kf8 37. Nc8 g4 38. Nxa7 h5 39. Nc8 Nd7 40. b4 Kf7 41. Kf4 Kf6 42. a5 bxa5 43.
bxa5 Nc5 44. Nd6 Na6 45. Ne4+ Kf7 46. Kg5 Ke7 47. Kxh5 g3 48. hxg3 1-0

[Event "*** Titled Tuesday Blitz"]
[Site "Chess.com"]
[Date "2019.01.01"]
[Round "3"]
[White "TrimitziosP7"]
[Black "SARGISMV"]
[Result "1-0"]
[WhiteElo "2606"]
[BlackElo "2416"]
[TimeControl "180+2"]
[EndTime "13:36:16 PST"]
[Termination "TrimitziosP7 won by resignation"]

1. Nf3 Nf6 2. c4 g6 3. Nc3 c5 4. d4 cxd4 5. Nxd4 Bg7 6. e4 O-O 7. Be2 Nc6 8. Be3 d6 9. O-O Bd7 10. Qd2 Nxd4 11. Bxd4 Bc6 12. f3 a5 13. b3 Nd7 14.
Be3 Nc5 15. Rab1 Qb6 16. Rfc1 Qb4 17. Rc2 Rfc8 18. Qc1 Qb6 19. Bf1 Qd8 20. Qd2 Qd7 21. a3 Qe6 22. b4 axb4 23. axb4 Na4 24. Ne2 f5 25. exf5 Qxf5 26. Nd4 Qh5 27. Re1 Re8 28. Nb5 Bxb5 29. cxb5 Rac8 30. Rec1 Rxc2 31. Rxc2 Kh8 32. Rc7 Qe5 33. Rxb7 Nc3 34. b6 Nd5 35. Bf2 Qa1 36. Ra7 Nxb6 37. Rxa1 Nc4 38. Bxc4 1-0

[Event "*** Titled Tuesday Blitz"]
[Site "Chess.com"]
[Date "2019.01.01"]
[Round "3"]
[White "Doraemon7"]
[Black "kleinebeer98"]
[Result "0-1"]
[WhiteElo "2512"]
[BlackElo "2700"]
[TimeControl "180+2"]
[EndTime "13:36:18 PST"]
[Termination "kleinebeer98 won by resignation"]

1. d4 e6 2. c4 b6 3. e4 Bb7 4. Bd3 Nc6 5. Nf3 Nb4 6. O-O Nxd3 7. Qxd3 Ne7 8. d5 Ng6 9. Bg5 f6 10. Be3 Be7 11. Nc3 O-O 12. Rab1 f5 13. exf5 Rxf5 14.
Nd4 Rf7 15. f4 Bf6 16. Rbd1 exd5 17. cxd5 Qf8 18. g3 Re8 19. Ndb5 c6 20. dxc6 dxc6 21. Nd6 Rd8 22. Nce4 c5 23. Qc4 Bxe4 24. Nxe4 Kh8 25. Nxf6 Rxf6 26. Bf2 Rfd6 27. Rxd6 Qxd6 28. Re1 h6 29. Re6 Qd1+ 30. Kg2 Qg4 31. Qe2 Nxf4+ 0-1

[Event "*** Titled Tuesday Blitz"]
[Site "Chess.com"]
[Date "2019.01.01"]
[Round "3"]
[White "Caminator2000"]
[Black "NCchamp"]
[Result "1-0"]
[WhiteElo "2379"]
[BlackElo "2187"]
[TimeControl "180+2"]
[EndTime "13:36:20 PST"]
[Termination "Caminator2000 won by checkmate"]

1. Nf3 Nf6 2. c4 g6 3. Nc3 Bg7 4. e4 d6 5. d4 O-O 6. Be2 Na6 7. O-O e5 8. Re1 exd4 9. Nxd4 Nc5 10. f3 a5 11. Be3 c6 12. Kh1 a4 13. Qd2 Qa5 14.
Rad1 Rd8 15. Qc2 Be6 16. Bg1 Qb4 17. a3 Qa5 18. Rd2 Ne8 19. Be3 Qa6 20. Nxe6 Nxe6 21. c5 Qa5 22. cxd6 Nxd6 23. Red1 Be5 24. g3 Bxc3 25.
bxc3 Nb5 26. c4 Nxa3 27. Qb2 Nxc4 28. Bxc4 a3 29. Qa2 Rxd2 30. Rxd2 Nd8 31. Kg2 b5 32.
Rxd8+ Rxd8 33. Bxf7+ Kf8 34. Bh6+ Ke7 35. Qe6# 1-0

[Event "*** Titled Tuesday Blitz"]
[Site "Chess.com"]
[Date "2019.01.01"]
[Round "3"]
[White "Atanejhad"]
[Black "Lion_DL"]
[Result "1-0"]
[WhiteElo "2256"]
[BlackElo "2396"]
[TimeControl "180+2"]
[EndTime "13:36:27 PST"]
[Termination "Atanejhad won by checkmate"]

1. Nf3 Nf6 2. d4 e6 3. c4 b6 4. g3 Bb7 5. Bg2 Be7 6. O-O O-O 7. d5 exd5 8. Nh4 c6 9. cxd5 Nxd5 10. Nf5 Nc7 11. e4 d5 12. Nc3 Nba6 13. Qg4 Bf6 14. Bf4 Bc8 15. e5 Bxf5 16. Qxf5 Be7 17. Rfd1 Nc5 18.
Ne2 N5e6 19. Rac1 Qe8 20. Qc2 Nxf4 21. Nxf4 Bc5 22. Nd3 Ne6 23. b4 Be7 24. Qxc6 Qxc6 25. Rxc6 Rfd8 26. Nf4 Nxf4 27. gxf4 Bxb4 28. Bxd5 Rac8 29.
Rxc8 Rxc8 30. Bb3 Rc7 31. Rd8+ Bf8 32. f5 g6 33. f6 Rc6 34. Rd7 g5 35. Rxf7 Rc1+ 36.
Kg2 Rb1 37. Rg7+ Kh8 38. Rg8# 1-0

[Event "*** Titled Tuesday Blitz"]
[Site "Chess.com"]
[Date "2019.01.01"]
[Round "3"]
[White "JMatias"]
[Black "kacprekt"]
[Result "0-1"]
[WhiteElo "2347"]
[BlackElo "2381"]
[TimeControl "180+2"]
[EndTime "13:36:28 PST"]
[Termination "kacprekt won by resignation"]

1. e3 f5 2. d4 Nf6 3. Bd3 g6 4. Ne2 Bg7 5. c4 O-O 6. Nbc3 d6 7. O-O Nc6 8. a3 e5 9. b4 e4 10. Bb1 g5 11. b5 Ne7 12. a4 h5 13. a5 h4 14. a6 b6 15. Ba3 Ng6 16. Nd5 Nxd5 17.
cxd5 f4 18. Bxe4 Qe8 19. Qd3 Ne7 20. exf4 gxf4 21. h3 Qh5 22. Bf3 Qg5 23. Rac1 Bf5 24. Qb3 Rac8 25. Kh1 Ng6 26. Rc3 Rf7 27. Rfc1 Qd8 28.
Rc4 Kh7 29. R1c3 Re7 30. Rc1 Qd7 31. Ng1 Nh8 32. Bb2 Nf7 33. Be2 Ng5 34. Bf1 Be4 35.
Rc6 f3 36. gxf3 Bf5 37. Qd1 Bh6 38. R1c3 Nxh3 39. Nxh3 Bxh3 40. Bc1 Bxc1 41. Rxc1 Rg7 42. Qd3+ Kh8 43. Qd2 Bxf1 44. Qh6+ Kg8 45. Qxh4 Rh7 0-1

[Event "*** Titled Tuesday Blitz"]
[Site "Chess.com"]
[Date "2019.01.01"]
[Round "3"]
[White "GeorgMeier"]
[Black "evgenyermolaev"]
[Result "1-0"]
[WhiteElo "2813"]
[BlackElo "2465"]
[TimeControl "180+2"]
[EndTime "13:36:32 PST"]
[Termination "GeorgMeier won by resignation"]

1. Nf3 d5 2. g3 g6 3. Bg2 Bg7 4. d4 c5 5. c3 Nc6 6. dxc5 e5 7. b4 Nge7 8. O-O e4 9. Nd4 Nxd4 10. cxd4 Nc6 11. Be3 Nxb4 12. Nc3 O-O 13. Qb3 Nc6 14. Rfd1 Ne7 15. Bg5 f6 16. Bf4 Kh8 17. Bd6 b6 18. Nxd5 Nxd5 19. Qxd5 Ba6 20. Bxe4 Rc8 21. Bxf8 Qxf8 22.
e3 bxc5 23. Rac1 c4 24. Qa5 Qd6 25. Bg2 f5 26. Rc2 Rb8 27. h4 Rb6 28. Rdc1 Qc7 29. Bf3 Bf6 30. Bd5 Kg7 31. Bxc4 Qb7 32. Bxa6 Qxa6 33.
Rc7+ Kh6 34. Qxa6 Rxa6 35. Rf7 Kh5 36. Rc2 Kg4 37. Kg2 h6 38. f3+ Kh5 39. Kh3 g5 40. hxg5 hxg5 41. g4+ fxg4+ 42. fxg4+ Kg6 43. Rd7 Ra3 44. Re2 a5 45. Kg3 a4 46. Kf3 Rc3 47. Ke4 a3 48. Rf2 Rc6 49. Kd5 Rb6 50. Rd6 1-0

[Event "*** Titled Tuesday Blitz"]
[Site "Chess.com"]
[Date "2019.01.01"]
[Round "3"]
[White "Kacparov"]
[Black "nihalsarin"]
[Result "1-0"]
[WhiteElo "2745"]
[BlackElo "2957"]
[TimeControl "180+2"]
[EndTime "13:36:33 PST"]
[Termination "Kacparov won by resignation"]

1. e4 c5 2. Nf3 e6 3. d4 cxd4 4.
Nxd4 Nc6 5. Nc3 Qc7 6. Be2 Nf6 7. O-O Be7 8. Be3 O-O 9. f4 d6 10. Kh1 Nxd4 11. Qxd4 e5 12. Qd3 a6 13. a4 b6 14.
fxe5 dxe5 15. Rxf6 Bxf6 16. Nd5 Qc6 17. Bxb6 a5 18.
c4 Rb8 19. c5 Qe6 20. Qf3 Bd8 21. Bb5 Bb7 22. Rd1 Bxb6 23. Nxb6 Rfd8 24. Nd7 Rbc8 25.
h3 Bc6 26. Rd6 Bxd7 27. Rxe6 fxe6 28. Qc3 Kh8 29. c6 Bxc6 30. Bxc6 Rd1+ 31. Kh2 Rd6 32. Qxa5 Rdxc6 33. Qxe5 h6 34. b4 Rd8 35. b5 Rc2 36. Qxe6 Rdd2 37. Qg6 Ra2 38. b6 Rdb2 39. e5 Rxa4 40. Qe8+ 1-0

[Event "*** Titled Tuesday Blitz"]
[Site "Chess.com"]
[Date "2019.01.01"]
[Round "3"]
[White "alpasya2009"]
[Black "wannabe2700"]
[Result "0-1"]
[WhiteElo "2651"]
[BlackElo "2541"]
[TimeControl "180+2"]
[EndTime "13:36:37 PST"]
[Termination "wannabe2700 won by resignation"]

1. d4 Nf6 2. c4 e6 3. Nf3 d5 4. g3 Be7 5. Bg2 O-O 6. O-O dxc4 7. Qc2 b5 8. Ng5 c6 9. a4 h6 10. Nf3 Nd5 11. e4 Nb4 12. Qe2 Nd3 13. Be3 Na6 14.
Nc3 b4 15. Na2 b3 16. Nc1 Nab4 17. Nxd3 Nxd3 18. Ne1 Nb4 19. Nf3 Ba6 20. Qd2 Nc2 21. Rab1 Bb4 22. Qc1 c3 23. bxc3 Ba3 24. Qd2 Bxf1 25.
Bxf1 Nxe3 26. Qxe3 Rb8 27. Bc4 b2 28. Ne5 Qc7 29.
Bd3 c5 30. Nc4 cxd4 31. cxd4 Rb3 32. e5 Rc8 33. Nxa3 Qc1+ 34. Kg2 Rxa3 35. Qe4 g6 36. h4 Rcc3 37. Qa8+ Kg7 38. Qd8 Rxd3 39. Qf6+ Kg8 40. Qd8+ Kh7 0-1

[Event "*** Titled Tuesday Blitz"]
[Site "Chess.com"]
[Date "2019.01.01"]
[Round "3"]
[White "Shahinyan_ChessMood"]
[Black "Hikaru"]
[Result "0-1"]
[WhiteElo "2693"]
[BlackElo "3052"]
[TimeControl "180+2"]
[EndTime "13:36:39 PST"]
[Termination "Hikaru won on time"]

1. c4 g6 2. Nc3 Bg7 3. e4 c5 4. g3 Nc6 5. Bg2 Nf6 6. Nge2 O-O 7. O-O Ne8 8. d3 Nc7 9. Rb1 Ne6 10. a3 a5 11. Be3 Ned4 12. h3 d6 13. f4 Rb8 14. Kh2 Bd7 15. a4 Nb4 16. Nb5 e5 17. f5 gxf5 18. Bxd4 exd4 19. exf5 Be5 20. Be4 Kh8 21. Nf4 Qg5 22. h4 Qh6 23. Rf2 Rg8 24. Qf3 Rg7 25. Rg1 Rbg8 26. Rgg2 Nc2 27. Rxc2 Rxg3 28. Rxg3 Bxf4 29. Rg2 Qxh4+ 30.
Kg1 Rxg3 31. Rxg3 Bxg3 32. Bxb7 Qh2+ 33. Kf1 Qh3+ 34. Qg2 Qxf5+ 35. Ke2 Qf4 36. Kd1 Qe3 37. Be4 f5 38. Qf3 Kg7 39. Qxe3 dxe3 40. Bf3 Kg6 41. Ke2 Bf4 42. d4 h5 43. dxc5 dxc5 44. Nc3 Be5 45.
Nd5 Bxa4 46. Kxe3 Bxb2 47. Nb6 Bb3 0-1

[Event "*** Titled Tuesday Blitz"]
[Site "Chess.com"]
[Date "2019.01.01"]
[Round "3"]
[White "Vrolijk"]
[Black "nurgyulsalimova"]
[Result "1/2-1/2"]
[WhiteElo "2716"]
[BlackElo "2467"]
[TimeControl "180+2"]
[EndTime "13:36:43 PST"]
[Termination "Game drawn by repetition"]

1. d4 Nf6 2. c4 e6 3. g3 d5 4. Bg2 Be7 5. Nf3 O-O 6. O-O dxc4 7. Qc2 b6 8. Bg5 Nd5 9. Bxe7 Qxe7 10. Nbd2 Bb7 11.
Nxc4 c5 12. dxc5 Qxc5 13. Rac1 Nd7 14. Nce5 Nxe5 15. Nxe5 Qd6 16. Nd3 Rac8 17. Qa4 Qb8 18. a3 h6 19. Rfd1 a6 20. Qd4 Rfd8 21. Ne5 Nc3 22. bxc3 Rxd4 23. cxd4 Bxg2 24. Kxg2 Qb7+ 25. f3 Rxc1 26. Rxc1 f6 27. Nc6 Qd7 28. e4 Qd6 29. Rc3 Kh7 30. Kf2 b5 31. Ke3 h5 32.
Nb4 a5 33. Nd3 h4 34. f4 hxg3 35. hxg3 f5 36. Rc5 fxe4 37. Kxe4 Qd7 38. Ke3 Qb7 39.
g4 b4 40. axb4 axb4 41. Rc2 Qh1 42. g5 Qg1+ 43. Ke4 b3 44. Rb2 Qh1+ 45. Ke3 Qd1 46. Rd2 Qg1+ 47. Ke4 Qf1 48. Rb2 Qh1+ 49. Ke3 Qg1+ 50.
Ke4 Qh1+ 51. Ke3 Qg1+ 52. Ke4 Qh1+ 53. Ke3 1/2-1/2

[Event "*** Titled Tuesday Blitz"]
[Site "Chess.com"]
[Date "2019.01.01"]
[Round "3"]
[White "MasterKroket"]
[Black "snowlord"]
[Result "0-1"]
[WhiteElo "2449"]
[BlackElo "2692"]
[TimeControl "180+2"]
[EndTime "13:36:44 PST"]
[Termination "snowlord won on time"]

1. d4 Nf6 2. c4 e6 3. Nf3 Bb4+ 4. Bd2 Qe7 5. g3 Nc6 6. Bg2 Bxd2+ 7. Qxd2 Ne4 8. Qc2 Qb4+ 9. Nbd2 Nxd2 10. Qxd2 Qxc4 11. O-O O-O 12. Rfc1 Qa6 13. b4 Qa4 14. b5 Qxb5 15.
Rc5 Qa4 16. Rh5 d5 17. Qf4 Qb4 18. Qh4 h6 19. g4 f6 20. Rc1 Bd7 21. Rc5 Nxd4 22. Rxc7 Qb1+ 23. Bf1 Nxe2+ 24. Kg2 Nf4+ 25.
Kg1 Nxh5 26. gxh5 Be8 27. Qg4 Bf7 28. Kg2 Qe4 29. Qg3 Rac8 30. Rxb7 a5 31. Bb5 Rc3 32.
Bd7 Kh8 33. h3 Bxh5 0-1

[Event "*** Titled Tuesday Blitz"]
[Site "Chess.com"]
[Date "2019.01.01"]
[Round "3"]
[White "swisspower96"]
[Black "gonzaga23"]
[Result "0-1"]
[WhiteElo "2529"]
[BlackElo "2434"]
[TimeControl "180+2"]
[EndTime "13:36:46 PST"]
[Termination "gonzaga23 won by resignation"]

1. d4 Nf6 2. c4 e6 3. Nf3 Bb4+ 4. Nbd2 b6 5. a3 Bxd2+ 6. Qxd2 Bb7 7. e3 d5 8. b3 c5 9. Bb2 O-O 10. dxc5 Ne4 11.
Qc2 Nxc5 12. Rd1 Nbd7 13. Be2 Rc8 14. O-O Qe7 15. Qc3 f6 16. Nd4 Ne5 17. Qb4 dxc4 18.
bxc4 Rfd8 19. a4 Qe8 20. a5 Qg6 21. f3 Ned3 22. Qc3 Nxb2 23. Qxb2 Qg5 24. Qc3 bxa5 25. e4 a4 26. Nb5 Rxd1 27. Rxd1 a6 28. Nd6 Rd8 29. Qb4 Qe3+ 30. Kf1 Rd7 31. Qb6 a3 32. Qa7 h6 33. Qb8+ Kh7 34. Ra1 Qd4 35. Rd1 Qxd1+ 36. Bxd1 a2 37. e5 a1=Q 38. Ke2 Qxe5+ 39. Kf2 Qxd6 40.
Bc2+ f5 41. Qe8 0-1